 Dungeon Crawl Stone Soup version 0.30.1-9-gdf580d7c3d (webtiles) character file.

Game seed: 9227012052334912539

21 CaptainMV the Chiller (level 2, 0/20 HPs)
             Began as a Draconian Ice Elementalist on Oct 2, 2023.
             Frozen to death by an endoplasm (2 damage)
             ... on level 2 of the Dungeon.
             The game lasted 00:04:08 (508 turns).

CaptainMV the Chiller (Draconian Ice Elementalist)   Turns: 508, Time: 00:04:10

Health: 0/20       AC:  4    Str: 10    XL:     2   Next: 62%
Magic:  3/5        EV: 12    Int: 15    God:
Gold:   70         SH:  0    Dex: 11    Spells: 4/5 levels left

rFire   . . .        b - +0 sling
rCold   . . .        (no shield)
rNeg    . . .        (body armour unavailable)
rPois   .            (helmet restricted)
rElec   .            (no cloak)
rCorr   .            (no gloves)
SInv    .            (no boots)
Will    .....        (no amulet)
Stlth   ++           (no ring)
HPRegen 0.23/turn    (no ring)
MPRegen 0.09/turn

%: no passive effects
@: no status effects
A: AC +4, unfitting armour, cold-blooded
a: no special abilities


You were on level 2 of the Dungeon.
You visited 1 branch of the dungeon, and saw 2 of its levels.

You collected 70 gold pieces.

Inventory:

Hand Weapons
 a - a +0 short sword
 b - a +0 sling (weapon)
Scrolls
 f - a scroll of teleportation {unknown}
 g - a scroll of fear
Potions
 c - a potion of magic
 d - a potion of heal wounds
 e - a potion of curing {unknown}


   Skills:
 + Level 0.2 Short Blades
 + Level 1.7 Dodging
 + Level 1.8 Stealth
 + Level 2.3 Spellcasting
 + Level 4.5 Ice Magic


You had 4 spell levels left.
You knew the following spells:

 Your Spells              Type           Power      Damage    Failure   Level
a - Freeze                Ice            60%        1d7       3%          1

Your spell library contained the following spells:

 Spells                   Type           Power      Damage    Failure   Level
 Frozen Ramparts          Ice            30%        1d5       10%         3
 Ozocubu's Armour         Ice            15%        N/A       10%         3
 Summon Ice Beast         Ice/Summ       8%         N/A       63%         4


Dungeon Overview and Level Annotations

Branches:
Dungeon (2/15)

Altars:

Annotations:
D:2 Natasha


Innate Abilities, Weirdness & Mutations

Your plain brown scales are hard. (AC +4)
You cannot fit into any form of body armour.
You are cold-blooded and may be slowed by cold attacks.


Message History

You assume a fearsome visage.
Natasha looks frightened!
The cerulean imp looks frightened! x3
Found a scroll of fear.
You feel yourself speed up.
g - a scroll of fear Natasha hisses angrily.
An endoplasm comes into view.
Natasha mumbles some strange words.
Natasha glows brightly for a moment.
Found a stone staircase leading down and a stone staircase leading up.
Natasha claws you.
* * * LOW HITPOINT WARNING * * *
Casting: Freeze (safe; 3% risk of failure)
Confirm with . or Enter, or press ? or * to list all spells.
Aiming: Freeze (safe; 3% risk of failure)
Press: ? - help, Shift-Dir - straight line, f/p - Natasha
Aim: Natasha You freeze Natasha.
Natasha is lightly wounded.
Natasha claws you but does no damage.
Casting: Freeze (safe; 3% risk of failure)
Confirm with . or Enter, or press ? or * to list all spells.
Aiming: Freeze (safe; 3% risk of failure)
Press: ? - help, Shift-Dir - straight line, f/p - Natasha
Aim: Natasha (lightly wounded)
You freeze Natasha.
Natasha is lightly wounded.
The endoplasm quivers.
Natasha claws you.
* * * LOW HITPOINT WARNING * * *
You shoot a sling bullet. The sling bullet barely misses Natasha.
Natasha closely misses you.
You shoot a sling bullet.
The sling bullet closely misses Natasha.
Natasha howls an incantation.
You feel disoriented. Natasha claws you but does no damage.
The endoplasm freezes you.
You are frozen.
You die...

####.####..#
............
.>..<.
####.#######
.....# #.##...
.....#
#.##.#######
.....#
#..........#
.....#
###.....##.#
.....#
#.....##.###h....#
#.....##...@#
#....######J#
#.............#
#.....#####.#.#
#.....# ..#.# ...
. .... .. .... ..
...... ...


You could see Natasha and an endoplasm.

Vanquished Creatures
  A worm (D:2)
  A dart slug (D:1)
  3 endoplasms
  A giant cockroach (D:1)
  A goblin (D:1)
  2 hobgoblins (D:1)
  A bat (D:1)
  A frilled lizard (D:1)
  4 kobolds
15 creatures vanquished.

Notes
Turn   | Place    | Note
-------+----------+-------------------------------------------
     0 | D:1      | CaptainMV the Draconian Ice Elementalist began the quest
                  | for the Orb.
     0 | D:1      | Reached XP level 1. HP: 14/14 MP: 3/3
   232 | D:1      | Reached XP level 2. HP: 16/20 MP: 1/5
   471 | D:2      | Identified the +8 plate armour "Qeef Zarch" {Regen+}
   472 | D:2      | Noticed Natasha
   478 | D:2      | HP: 1/20 [cerulean imp/+2 spear[Natasha] (2)]
   506 | D:2      | HP: 1/20 [Natasha (3)]
   508 | D:2      | Frozen to death by an endoplasm

Illustrated notes

Levels and vault maps discovered:
D:1:      psy_arrival_whirlpool, layout_basic
D:2:      layout_basic, kennysheep_another_room, uniq_natasha

Action                     || total
---------------------------++-------
  Melee: Unarmed           ||     4
         Short sword       ||     4
   Fire: Sling             ||     9
   Cast: Freeze            ||    25
    Use: Scroll            ||     4
 Armour: Skin              ||    17
  Dodge: Dodged            ||    18
